 Dungeon Crawl Stone Soup version 0.30.1 (webtiles) character file.

Game seed: 16035415314721915678

2196 Pepete the Protected (level 9, -9/55 HPs)
             Began as a Djinni Fire Elementalist on July 10, 2023.
             Was a Follower of Makhleb.
             Shot with a sling bullet by Joseph (10 damage)
             ... on level 7 of the Dungeon.
             The game lasted 00:15:49 (10719 turns).

Pepete the Protected (Djinni Fire Elementalist)    Turns: 10719, Time: 00:15:50

Health: -9/55      AC:  5    Str:  7    XL:     9   Next: 60%
Gold:   781        EV: 13    Int: 21    God:    Makhleb [*.....] SH:  0 Dex: 20

rFire   + + .        (no weapon)
rCold   x . .        (no shield)
rNeg    . . .        k - +0 robe
rPois   ∞            (no helmet)
rElec   .            c - +0 cloak
rCorr   .            t - +0 pair of gloves
SInv    .            (boots unavailable)
Will    .....        (no amulet)
Stlth   ++           h - +6 ring of dexterity
HPRegen 0.29/turn    (no ring)
MPRegen 0.00/turn

%: infuse magic (-10 HP)
@: flying
A: sickness immunity, fire resistance 2, cold vulnerability 1, float, innate
caster, HP casting, extra vitality 1
a: Renounce Religion


You were on level 7 of the Dungeon.
You worshipped Makhleb.
Makhleb was aware of your devotion.
You visited 1 branch of the dungeon, and saw 7 of its levels.

You collected 781 gold pieces.

Inventory:

Missiles
 o - 2 throwing nets
Armour
 c - a +0 cloak (worn)
 k - a +0 robe (worn)
 t - a +0 pair of gloves (worn)
Jewellery
 a - a ring of see invisible
 h - a +6 ring of dexterity (left hand)
Wands
 e - a wand of polymorph (5)
 r - a wand of light (9)
Scrolls
 f - a scroll of fog
 g - a scroll of immolation
 j - a scroll of poison
 l - a scroll of magic mapping
 q - a scroll of enchant weapon
Potions
 b - 2 potions of curing {unknown}
 d - 2 potions of resistance
 u - a potion of might


   Skills:
 * Level 8.5 Armour
 - Level 2.1 Dodging
 - Level 1.5 Stealth
 * Level 7.0 Spellcasting


You knew the following spells:

 Your Spells              Type           Power      Damage    Failure   Level
a - Foxfire               Conj/Fire      100%       2x1d9     1%          1
b - Scorch                Fire           74%        2d8       1%          2
c - Volatile Blastmotes   Fire/Tloc      74%        2d16      1%          3
d - Inner Flame           Hex/Fire       37%        N/A       1%          3
e - Flame Wave            Conj/Fire      37%        2d10      4%          4
f - Summon Small Mammal   Summ           100%       N/A       1%          1
g - Blink                 Tloc           74%        N/A       1%          2
h - Spider Form           Tmut/Pois      37%        N/A       1%          3
i - Hailstorm             Conj/Ice       37%        3d9       1%          3
Your spell library was empty.

Dungeon Overview and Level Annotations

Branches:
Dungeon (7/15)
 Temple: D:4-7

Altars:
Dithmenos
Gozag
Hepliaklqana
Makhleb
Uskayaw

Annotations:
D:4 3 runed translucent doors, acarine's ghost, amateur DrTm
D:6 Maggie
D:7 Joseph


Innate Abilities, Weirdness & Mutations

You are immune to sickness and miasma.
You are immune to poison.
Your flesh is very heat resistant. (rF++)
You are vulnerable to cold. (rC-)
You float through the air rather than walking.
You learn spells naturally, not from books.
Your magical power is your life essence.
You have superior vitality. (+4 MHP)


Message History

The phantom is lightly damaged.
You conjure some foxfire!
Your foxfire dissipates!
The foxfire hits the phantom.
The phantom is moderately damaged.
You conjure some foxfire!
The foxfire hits the phantom.
The phantom is moderately damaged.
You conjure some foxfire!
The foxfire hits the phantom!
The phantom is severely damaged.
The foxfire hits the phantom but does no damage.
The phantom is severely damaged.
You conjure some foxfire!
The foxfire hits the phantom!
The phantom is almost destroyed.
The foxfire hits the phantom but does no damage.
The phantom is almost destroyed.
You conjure some foxfire!
The foxfire hits the phantom!
You destroy the phantom!
Makhleb accepts your kill.
Unknown command.
Your foxfire dissipates! x2
Your foxfire dissipates! x2
HP restored.
b - 2 fizzy ruby potions Joseph, a Mercenary comes into view.
He is wielding a +0 quarterstaff.
Joseph unwields a +0 quarterstaff.
Joseph wields a +4 sling of electrocution.
You hear the crackle of electricity.
Joseph shoots a sling bullet.
The sling bullet hits you!!
You are electrocuted!!
You are too injured to fight recklessly!
You are too injured to fight recklessly!
Unknown command.
Okay, then.
Okay, then.
Joseph shoots a sling bullet.
The sling bullet hits you!
* * * LOW HITPOINT WARNING * * *
Joseph shoots a sling bullet.
The sling bullet hits you!
* * * LOW HITPOINT WARNING * * *
You are electrocuted!
You die...

.....##########.#########.
..........................
###.......########........#.#
#..†......# #.########.#
##.........# #.# #....#.#
.#.........# #.# #.##.#.#
...........# #.# #.##.#.#
...........########.###.##.#.####
...........#....@..........#....@
...........#.######.###@####.####
.......###.#.## #.# #.........#
.......# #.#.. # #.# #.####.##.#
.......# #.#.##.# #.# ### #.# #
.....#####.#<...# #.. ... .....##
#.....####### #.##
......###......^.... ...
..............#.#### #.#


You could see Joseph.

Vanquished Creatures
  Sigmund (D:2)
  A steam dragon (D:6)
  An acid dragon (D:6)
  A water moccasin (D:6)
  An ice beast (D:5)
  A black bear (D:7)
  An orc warrior (D:6)
  An ogre (D:6)
  A phantom (D:7)
  3 bullfrogs (D:6)
  A gnoll sergeant (D:6)
  2 scorpions (D:5)
  3 howler monkeys
  A jelly (D:6)
  3 hounds (D:6)
  3 orc priests
  A gnoll bouda (D:6)
  6 iguanas
  5 orc wizards
  7 gnolls
  13 adders
  A shadow imp (D:6)
  2 ufetubi
  2 worms (D:4)
  3 dart slugs
  22 orcs
  6 bats
  4 endoplasms
  6 giant cockroaches
  7 goblins
  8 hobgoblins
  8 jackals
  9 kobolds
  8 quokkas
  5 ball pythons
  4 frilled lizards (D:1)
  7 rats
159 creatures vanquished.

Vanquished Creatures (collateral kills)
  A foxfire (D:6)
1 creature vanquished.

Vanquished Creatures (others)
  662 foxfires
662 creatures vanquished.

Grand Total: 822 creatures vanquished

Notes
Turn   | Place    | Note
-------+----------+-------------------------------------------
     0 | D:1      | Pepete the Djinni Fire Elementalist began the quest for the
                  | Orb.
     0 | D:1      | Pepete set off with the following spells memorised:
                  | Foxfire, Scorch, Volatile Blastmotes, Inner Flame, Flame
                  | Wave.
     0 | D:1      | Reached XP level 1. HP: 15/15 MP: 0/0
   258 | D:1      | Reached skill level 1 in Armour
   258 | D:1      | Reached XP level 2. HP: 17/21 MP: 0/0
   575 | D:1      | Reached XP level 3. HP: 24/25 MP: 0/0
   575 | D:1      | Learned a level 1 spell: Summon Small Mammal
  1112 | D:2      | Reached skill level 2 in Armour
  1284 | D:2      | Reached XP level 4. HP: 20/31 MP: 0/0
  1933 | D:2      | Noticed Sigmund
  1941 | D:2      | Killed Sigmund
  1942 | D:2      | Reached skill level 3 in Armour
  1942 | D:2      | Reached XP level 5. HP: 22/35 MP: 0/0
  1942 | D:2      | Learned a level 2 spell: Blink
  1942 | D:2      | Reached XP level 6. HP: 26/40 MP: 0/0
  2591 | D:3      | Found an opulent altar of Gozag.
  2815 | D:3      | Found a shadowy altar of Dithmenos.
  2875 | D:3      | Found a faded altar of an unknown god.
  2967 | D:3      | Reached skill level 4 in Armour
  3539 | D:4      | Reached XP level 7. HP: 35/45 MP: 0/0
  3539 | D:4      | Learned a level 3 spell: Spider Form
  3833 | D:4      | Found a runed translucent gate.
  3834 | D:4      | Found a runed translucent gate.
  3835 | D:4      | Found a runed translucent gate.
  3938 | D:4      | Found a hide-covered altar of Uskayaw.
  4636 | D:4      | Noticed acarine's ghost (amateur DrTm)
  4841 | D:5      | Entered Level 5 of the Dungeon
  4855 | D:5      | Reached skill level 5 in Armour
  5562 | D:5      | Reached skill level 5 in Spellcasting
  5566 | D:5      | Reached XP level 8. HP: 21/50 MP: 0/0
  5925 | D:5      | Found a burning altar of Makhleb.
  5967 | D:5      | Became a worshipper of Makhleb the Destroyer
  6000 | D:5      | Reached skill level 6 in Armour
  6268 | D:5      | Found a hazy altar of Hepliaklqana.
  7096 | D:6      | Noticed Maggie
  8499 | D:6      | Reached skill level 7 in Armour
  8515 | D:6      | Reached XP level 9. HP: 13/55 MP: 0/0
  8515 | D:6      | Learned a level 3 spell: Hailstorm
  9499 | D:6      | Reached skill level 8 in Armour
  9614 | D:6      | Reached * piety under Makhleb
 10707 | D:7      | Noticed Joseph
 10719 | D:7      | HP: 1/55 [Joseph/sling bullet (7)]
 10719 | D:7      | Shot with a sling bullet by Joseph

Illustrated notes

Levels and vault maps discovered:
D:1:      dpeg_arrival_refuge, layout_loops_corners
D:2:      layout_basic, minmay_box_of_dots, uniq_sigmund
D:3:      layout_rooms, palyth_temple_overflow_mages,
          mainiacjoe_overflow_small_starburst,
          nicolae_gozag_cash_rules_everything_around_me,
          chequers_ecumenical_altar_simple
D:4:      layout_cave_pools, eat_drink_and_be_merry_uskayaw,
          gammafunk_ghost_icy, minmay_fractal_squares_gapless_5
D:5:      layout_basic, nzn_hepliaklqana_mist_gate, kennysheep_little_box,
          minmay_misc_feat_hallway, hex_medium
D:6:      minmay_polygon_palace, layout_loops_ring, zin_academy,
          serial_co_window_serial, co_window_corner_a, co_window_paths_b,
          co_window_corner_a, co_window_corner_a, co_window_corner_a,
          co_window_corner_a, co_window_corner_a, co_window_corner_b,
          co_window_corner_b, co_window_paths_c, co_window_sun, glass_columns_a,
          glass_columns_c, uniq_maggie
D:7:      layout_basic, nemelex_xobeh_ov_fountains_minmay, lemuel_tele_altar,
          minmay_temple_entry_junction_2, corexii_item_surrounded_by_moat,
          minmay_ruffians, uniq_menkaure, uniq_joseph

Skill      XL: |  1  2  3  4  5  6  7  8  9 |
---------------+----------------------------+-----
Armour         | 1 2 3 4 5 7 8 |  8.5
Spellcasting   | 3 4 5 6 7 |  7.0
Dodging        | |  2.1
Stealth        | |  1.5

Action                     |  1- 3 |  4- 6 |  7- 9 || total
---------------------------+-------+-------+-------++-------
  Melee: Unarmed           |       |       |     2 ||     2
   Cast: Foxfire           |   103 |   108 |   213 ||   424
         Scorch            |     2 |    24 |    76 ||   102
         Volatile Blastmot |       |       |    23 ||    23
    Use: Potion            |     1 |       |     3 ||     4
         Scroll            |       |     6 |     8 ||    14
 Armour: Robe              |     9 |     7 |    18 ||    34
  Dodge: Dodged            |    20 |    14 |    46 ||    80
